 Dungeon Crawl Stone Soup version 0.29-a0-319-gad05b8d819 (webtiles) character file.

Game seed: 7158536314676633062

938 kae the Firebug (level 8, 0/45 HPs)
             Began as a Tengu Fire Elementalist on Apr 1, 2022.
             Succumbed to a gnoll sergeant's poison
             ... on level 5 of the Dungeon.
             The game lasted 00:03:56 (6939 turns).

kae the Firebug (Tengu Fire Elementalist)           Turns: 6939, Time: 00:03:56

Health: 0/45       AC:  2    Str: 10    XL:     8   Next: 12%
Magic:  7/14       EV: 16    Int: 17    God:
Gold:   127        SH:  0    Dex: 14    Spells: 8/14 levels left

rFire   + . .      SeeInvis .   r - staff of conjuration
rCold   . . .      Faith    .   (no shield)
rNeg    . . .      Spirit   .   a - +0 robe
rPois   .          Reflect  .   (helmet restricted)
rElec   .          Harm     .   (no cloak)
rCorr   .          Rampage  .   (no gloves)
Will    .....                   (boots unavailable)
Stlth   ++........              (no amulet)
HPRegen 0.15/turn               g - ring of protection from fire
MPRegen 0.14/turn               (no ring)

@: lethally poisoned (0 -> 0), flying quickly and evasively, studying
Necromancy, quick
A: beak, talons 3, nimble flight
a: no special abilities


You were on level 5 of the Dungeon.
You visited 1 branch of the dungeon, and saw 6 of its levels.

You collected 209 gold pieces.
You spent 82 gold pieces at shops.

Inventory:

Hand Weapons
 i - a +0 mace
 j - a +2 dagger of protection
Armour
 a - a +0 robe (worn)
Magical Staves
 r - a staff of conjuration (weapon)
Jewellery
 g - a ring of protection from fire (left hand)
 y - a +6 ring of strength
Wands
 x - a wand of paralysis (11)
Scrolls
 c - 3 scrolls of teleportation
 l - 2 scrolls of identify
 q - 2 scrolls of immolation {unknown}
 s - a scroll of blinking
 t - a scroll of fog {unknown}
 u - a scroll of summoning
 w - a scroll of amnesia {unknown}
Potions
 b - a potion of magic
 d - a potion of cancellation
 e - 4 potions of mutation
 f - a potion of lignification
 h - a potion of degeneration {unknown}
 k - 2 potions of flight
 m - a potion of attraction {unknown}
 n - 3 potions of curing {unknown}
 o - a potion of heal wounds
 p - 2 potions of brilliance {unknown}
 v - a potion of might {unknown}


   Skills:
 + Level 2.8 Fighting
 + Level 3.1 Armour
 + Level 3.9 Dodging
 - Level 2.0 Stealth
 + Level 3.5 Spellcasting
 + Level 4.3 Conjurations
 * Level 6.2 Fire Magic
 + Level 2.4 Evocations


You had 8 spell levels left.
You knew the following spells:

 Your Spells              Type           Power      Damage    Failure   Level
a - Foxfire               Conj/Fire      100%       2x1d9     1%          1
b - Scorch                Fire           48%        2d7       1%          2
c - Conjure Flame         Conj/Fire      31%        6-21      6%          3

Your spell library contained the following spells:

 Spells                   Type           Power      Damage    Failure   Level
 Inner Flame              Hex/Fire       13%        N/A       14%         3
 Flame Wave               Conj/Fire      31%        2d8       19%         4


Dungeon Overview and Level Annotations

Branches:
Dungeon (6/15)
 Temple: D:4-7

Altars:
Cheibriados
Dithmenos
Elyvilon
Fedhas
Gozag
Makhleb
Nemelex Xobeh
Okawaru
Ru
Xom
Yredelemnul

Shops:
D:3 ?[


Innate Abilities, Weirdness & Mutations

You have a beak for a mouth.
You have claws for feet.
Your magical nature lets you fly swiftly and evasively.


Message History

You start resting.
Magic restored.
HP restored.
You fly downwards.
The gnoll misses you. The gnoll barely misses you. x2
The gnoll hits you with a +0 flail.
There is a stone staircase leading up here.
The gnoll misses you. The gnoll hits you with a +0 club.
The gnoll sergeant hits you from afar with a +5 spear of venom!
You are poisoned.
The gnoll closely misses you.
You fly upwards.
You feel very sick.
There is a stone staircase leading down, spattered with blood here.
Casting: Scorch (safe; 1% risk of failure)
Confirm with . or Enter, or press ? or * to list all spells.
Flames lash the gnoll.
The gnoll is moderately wounded.
The gnoll's fire resistance burns away.
You feel sick. The gnoll closely misses you. x2
You feel sick. The gnoll barely misses you. The gnoll hits you with a +0 club.
Casting: Scorch (safe; 1% risk of failure)
Confirm with . or Enter, or press ? or * to list all spells.
Flames lash the gnoll.
The gnoll is burned terribly!
You kill the gnoll!
You feel sick. The gnoll barely misses you.
You feel sick. The gnoll closely misses you.
Casting: Scorch (safe; 1% risk of failure)
Confirm with . or Enter, or press ? or * to list all spells.
Flames lash the gnoll.
The gnoll is heavily wounded.
The gnoll's fire resistance burns away.
You feel sick. The gnoll hits you with a +0 club!
* * * LOW HITPOINT WARNING * * *
* * * LOW HITPOINT WARNING * * *
You feel sick. The gnoll hits you but does no damage.
Casting: Scorch (safe; 1% risk of failure)
Confirm with . or Enter, or press ? or * to list all spells.
Flames lash the gnoll.
The gnoll is burned terribly!
You kill the gnoll!
You die...

.......###.##........#....#
.......# #.#######..#.#...#
......[###.#######.#._.#..#
.................#..#.#...#
......####.#####.#...#....#
#+###.#....#..............#
......#.#..#.###..........#
..#####.#..#.###)##########
...............)@#
...##.#......#####
....#.######.# ....#.# #.#
....#.# #.# ##..#.# #.#
#..#.# #.# #..#.# #.#
##.#.# #.#


There were no monsters in sight!

Vanquished Creatures
  A sky beast (D:5)
  An ogre (D:4)
  A phantom (D:5)
  A bullfrog (D:4)
  2 scorpions (D:5)
  A jelly (D:3)
  A necrophage (D:6)
  An orc priest (D:6)
  A hound (D:5)
  Jessica (D:2)
  An iguana (D:5)
  2 orc wizards
  7 gnolls (D:5)
  6 adders
  An ufetubus (D:5)
  3 dart slugs
  2 worms
  19 orcs
  6 endoplasms
  3 giant cockroaches
  4 goblins
  3 hobgoblins
  3 quokkas
  7 ball pythons
  4 bats
  4 frilled lizards
  8 kobolds
  4 rats
98 creatures vanquished.

Vanquished Creatures (others)
  225 foxfires
  14 fungi (D:4)
239 creatures vanquished.

Grand Total: 337 creatures vanquished

Notes
Turn   | Place    | Note
-------+----------+-------------------------------------------
     0 | D:1      | kae the Tengu Fire Elementalist began the quest for the
                  | Orb.
     0 | D:1      | Reached XP level 1. HP: 10/10 MP: 4/4
   642 | D:1      | Found a faded altar of an unknown god.
   646 | D:1      | Reached XP level 2. HP: 15/15 MP: 3/6
  1391 | D:2      | Learned a level 2 spell: Scorch
  1615 | D:2      | Reached XP level 3. HP: 17/20 MP: 5/7
  1619 | D:2      | Learned a level 3 spell: Conjure Flame
  1855 | D:2      | Reached skill level 4 in Fire Magic
  2677 | D:2      | Noticed Jessica
  2682 | D:2      | Killed Jessica
  2683 | D:2      | Reached skill level 1 in Fighting
  2683 | D:2      | Reached skill level 1 in Armour
  2683 | D:2      | Reached XP level 4. HP: 25/25 MP: 1/8
  2993 | D:3      | Found a shadowy altar of Dithmenos.
  3182 | D:3      | Found a basalt altar of Yredelemnul.
  3419 | D:3      | Gained mutation: Your magical nature lets you fly swiftly
                  | and evasively. [Tengu growth]
  3419 | D:3      | Reached XP level 5. HP: 29/29 MP: 0/9
  3579 | D:3      | Found Afuh's Antique Armour Emporium.
  3840 | D:3      | Found Wuzyt's Magic Scroll Emporium.
  3848 | D:3      | Bought a scroll of blinking for 82 gold pieces
  3858 | D:3      | Found a sacrificial altar of Ru.
  3860 | D:3      | Found a burning altar of Makhleb.
  3860 | D:3      | Found an opulent altar of Gozag.
  3888 | D:3      | Found a white marble altar of Elyvilon.
  4344 | D:4      | Found a blossoming altar of Fedhas.
  4344 | D:4      | Found a shimmering altar of Xom.
  4615 | D:4      | Noticed an ogre
  4665 | D:4      | Reached skill level 1 in Evocations
  4747 | D:4      | Reached XP level 6. HP: 35/35 MP: 6/11
  5150 | D:4      | Found a snail-covered altar of Cheibriados.
  5222 | D:4      | Reached skill level 5 in Fire Magic
  5561 | D:5      | Entered Level 5 of the Dungeon
  5622 | D:5      | Reached XP level 7. HP: 40/40 MP: 9/12
  6031 | D:5      | Found a sparkling altar of Nemelex Xobeh.
  6100 | D:5      | Found an iron altar of Okawaru.
  6604 | D:6      | Reached skill level 6 in Fire Magic
  6642 | D:6      | Reached XP level 8. HP: 45/45 MP: 8/14
  6766 | D:6      | Noticed a yak
  6937 | D:5      | HP: 2/45 [gnoll/+0 club (9)]
  6939 | D:5      | Succumbed to a gnoll sergeant's poison

Illustrated notes

Levels and vault maps discovered:
D:1:      dpeg_arrival_pits, layout_basic,
          shapermc_ecumenical_altar_starsandcircs
D:2:      wander_river, layout_basic, uniq_jessica
D:3:      layout_loops_corners, nicolae_overflow_crystal_walls,
          grunt_temple_overflow_open, lemuel_tele_altar,
          mainiacjoe_overflow_six_doors_small, serial_shops,
          nicolae_diamond_shop, nicolae_shop_crystal, kennysheep_crisscross
D:4:      layout_loops_cross, mainiacjoe_overflow_chevrons,
          chequers_temple_overflow_statue_of_worship, minmay_statues_item,
          grunt_decor_mini_mirrors, minmay_misc_feat_five
D:5:      layout_basic, kennysheep_little_box, okawaru_metal_pillars_3
D:6:      layout_rooms

Skill      XL: |  1  2  3  4  5  6  7 |
---------------+----------------------+-----
Conjurations   | 2 3 4 |  4.3
Fire Magic     | 4 5 6 |  6.2
Fighting       | 1 2 |  2.8
Armour         | 1 2 3 |  3.1
Dodging        | 3 |  3.9
Evocations     | 1 2 |  2.4
Spellcasting   | 3 |  3.5
Stealth        | |  2.0

Action                   |  1- 3 |  4- 6 |  7- 9 || total
-------------------------+-------+-------+-------++-------
Melee: Unarmed           |    12 |       |       ||    12
       Kick              |     8 |     8 |     2 ||    18
       Peck              |     3 |     7 |       ||    10
       Dagger            |    11 |     6 |       ||    17
       Mace              |     1 |       |       ||     1
       Staff             |       |    17 |     3 ||    20
       Punch             |       |     1 |       ||     1
 Cast: Foxfire           |    58 |    47 |    35 ||   140
       Scorch            |    11 |    29 |    18 ||    58
  Use: Scroll            |       |    10 |       ||    10
       Potion            |       |       |     1 ||     1
 Stab: Sleeping          |       |     1 |       ||     1
Armor: Robe              |    17 |     5 |     3 ||    25
Dodge: Dodged            |    35 |    37 |    34 ||   106

Table legend: (Time is in decaauts)
 A = Elapsed time spent in this place.
 B = Non-inter-level travel time spent in this place.
 C = Inter-level travel time spent in this place.
 D = Time resting spent in this place.
 E = Time spent auto-exploring this place.
 F = Levels seen in this place.
 G = Mean time per level.
                   A        B        C        D        E       F      G
               +--------+--------+--------+--------+--------+-----+--------+
         Total |   6814 |   6623 |    191 |    782 |   5037 |   6 | 1135.7 |
       Dungeon |   6814 |   6623 |    191 |    782 |   5037 |   6 | 1135.7 |
               +--------+--------+--------+--------+--------+-----+--------+

Top non-repeatable levels by time:
     D:2: 1545 daAuts
     D:1: 1392 daAuts
     D:3: 1330 daAuts
     D:4: 1224 daAuts
     D:5: 1131 daAuts
     D:6: 190 daAuts
